 Dungeon Crawl Stone Soup version 0.20.1-1-g8b1a95d (console) character file.

23 hilaritas the Digger (level 2, -1/16 HPs)
             Began as a Deep Elf Earth Elementalist on Dec 30, 2017.
             Slain by Sigmund
             ... wielding a +0 scythe
              (7 damage)
             ... on level 2 of the Dungeon.
             The game lasted 00:02:42 (1090 turns).

hilaritas the Digger (Deep Elf Earth Elementalist)  Turns: 1090, Time: 00:02:43

Health: -1/16      AC:  3    Str:  5    XL:     2   Next: 72%
Magic:  1/8        EV: 13    Int: 19    God:
Gold:   65         SH:  0    Dex: 15    Spells: 6/7 levels left

rFire    . . .     SeeInvis .   j - +0 dagger
rCold    . . .     Gourm    .   (no shield)
rNeg     . . .     Faith    .   c - +0 robe
rPois    .         Spirit   .   (no helmet)
rElec    .         Reflect  .   (no cloak)
rCorr    .         Harm     .   (no gloves)
MR       .....                  m - +0 pair of boots
Stlth    ++........             (no amulet)
Regen    0.1/turn               (no ring)
MPRegen  0.2/turn               (no ring)

@: no status effects
A: no striking features
a: no special abilities


You were on level 2 of the Dungeon.
You were not hungry.

You visited 1 branch of the dungeon, and saw 2 of its levels.

You collected 65 gold pieces.

Inventory:

Hand Weapons
 j - a +0 dagger (weapon)
Missiles
 b - 18 stones (quivered)
 o - 15 arrows
Armour
 c - a +0 robe (worn)
 m - a +0 pair of boots (worn)
Jewellery
 r - an uncursed ring of flight {unknown}
Scrolls
 a - 2 scrolls of identify {unknown}
 h - 2 scrolls of recharging {unknown}
 i - a scroll of noise {unknown}
 k - a scroll of teleportation {unknown}
 l - 2 scrolls of immolation {unknown}
 q - a scroll of enchant armour {unknown}
Potions
 f - a potion of haste {unknown}
 n - a potion of heal wounds {unknown}
Books
 e - a book of Geomancy

   Spells                             Type                      Level
   a - Sandblast                      Earth                        1
   b - Passwall                       Transmutation/Earth          2
   c - Stone Arrow                    Conjuration/Earth            3
   d - Petrify                        Transmutation/Earth          4
   e - Lee's Rapid Deconstruction     Earth                        5
Comestibles
 d - 2 bread rations
 g - a chunk of flesh
 p - a royal jelly


   Skills:
 * Level 0.4 Fighting
 * Level 2.8 Dodging
 - Level 2.4 Stealth
 - Level 3.0 Spellcasting
   Level 1.1 Transmutations
 * Level 4.1 Earth Magic


You had 6 spell levels left.
You knew the following spells:

 Your Spells              Type           Power        Failure   Level  Hunger
a - Sandblast             Erth           ###...       2%          1    None


Dungeon Overview and Level Annotations

Branches:
Dungeon (2/15)

Altars:
Cheibriados

Annotations:
D:2 Sigmund


Message History

Ouch! That really hurt!
Casting: Sandblast
Confirm with . or Enter, or press ? or * to list all spells.
Aiming: Sandblast
Press: ? - help, Shift-Dir - straight line, f/p - Sigmund
Aim: Sigmund, wielding a scythe and wearing a runed robe (severely wounded)
The blast of sand hits the bat.
You kill the bat!
b - 19 stones Sigmund closely misses you.
Casting: Sandblast
Confirm with . or Enter, or press ? or * to list all spells.
Aiming: Sandblast
Press: ? - help, Shift-Dir - straight line, f/p - Sigmund
Aim: Sigmund, wielding a scythe and wearing a runed robe (severely wounded)
The blast of sand hits Sigmund.
Sigmund is almost dead.
b - 18 stones Sigmund hits you with a scythe!
You die...

# # #.
##############.
............##.#
###########.# ..
#.# #.## #.# ..#
#.# #@# #.# #@##
#.# #..# #.#
##.# # #.# #.#.#
#.#####...###
#...........#
########.>....#
.##.#.# .. ...#
... ..# ... .#


You could see Sigmund.

Vanquished Creatures
  2 dart slugs (D:1)
  4 bats
  2 goblins (D:1)
  A hobgoblin (D:1)
  3 jackals (D:1)
  2 frilled lizards (D:1)
  2 kobolds (D:1)
  3 rats
19 creatures vanquished.

Notes
Turn   | Place    | Note
-------+----------+-------------------------------------------
     0 | D:1      | hilaritas the Deep Elf Earth Elementalist began the quest for the Orb.
     0 | D:1      | Reached XP level 1. HP: 10/10 MP: 6/6
   110 | D:1      | Found a snail-covered altar of Cheibriados.
   230 | D:1      | Reached XP level 2. HP: 15/15 MP: 5/8
   832 | D:1      | Reached skill level 4 in Earth Magic
  1078 | D:2      | Noticed Sigmund
  1090 | D:2      | Slain by Sigmund

Skill      XL: |  1  2 |
---------------+-------+-----
Earth Magic    | 4 |  4.1
Fighting       | |  0.4
Dodging        | |  2.8
Stealth        | |  2.4
Spellcasting   | |  3.0
Transmutations | |  1.1

Action                   || total
-------------------------++-------
 Cast: Sandblast         ||    32
Armor: Robe              ||     1
Dodge: Dodged            ||    20
